 Dungeon Crawl Stone Soup version 0.19-a0-1384-gbb462ca (webtiles) character file.

11 jacquesderrida the Caller (level 2, -1/19 HPs)
             Began as a Demonspawn Summoner on Sept 3, 2016.
             Slain by Crazy Yiuf
             ... wielding a +2 quarterstaff of chaos
              (7 damage)
             ... on level 2 of the Dungeon.
             The game lasted 00:02:25 (366 turns).

jacquesderrida the Caller (Demonspawn Summoner)      Turns: 366, Time: 00:02:27

Health: -1/19      AC:  5    Str:  8    XL:     2   Next: 17%
Magic:  1/5        EV: 11    Int: 16    God:
Gold:   11         SH:  0    Dex: 13    Spells: 2 memorised, 2 levels left

rFire  . . .     SeeInvis .     e - +0 spear
rCold  . . .     Gourm    .     d - +0 leather armour (curse)
rNeg   . . .     Faith    .     (no shield)
rPois  .         Spirit   .     (no helmet)
rElec  .         Dismiss  .     (no cloak)
rCorr  .         Reflect  .     (no gloves)
MR     .....     Harm     .     (no boots)
Stlth  ++........               (no amulet)
                                (no ring)
                                (no ring)

@: no status effects
A: thin metallic scales 1
a: no special abilities


You were on level 2 of the Dungeon.
You were not hungry.

You visited 1 branch of the dungeon, and saw 2 of its levels.

You collected 11 gold pieces.

Inventory:

Hand Weapons
 e - a +0 spear (weapon)
 g - a +1 antimagic hand axe
Armour
 a - a +0 robe
 d - a cursed +0 leather armour (worn)
Scrolls
 j - a scroll of remove curse {unknown}
Potions
 h - a potion of haste {unknown}
 i - a potion of brilliance {unknown}
Books
 b - a book of Callings

   Spells                             Type                      Level
   a - Summon Small Mammal            Summoning                    1
   b - Call Imp                       Summoning                    2
   c - Call Canine Familiar           Summoning                    3
   d - Summon Guardian Golem          Hexes/Summoning              3
   e - Summon Lightning Spire         Summoning/Air                4
   f - Summon Ice Beast               Ice/Summoning                4
Comestibles
 c - a bread ration
 f - a meat ration


   Skills:
 - Level 1.7 Dodging
 - Level 1.7 Stealth
 - Level 2.0 Spellcasting
 + Level 4.5 Summonings


You had 2 spell levels left.
You knew the following spells:

 Your Spells              Type           Power        Failure   Level  Hunger
a - Summon Small Mammal   Summ           ###.         6%          1    #......
b - Call Imp              Summ           ###.....     10%         2    ###....


Dungeon Overview and Level Annotations

Branches:
Dungeon (2/15)

Altars:

Annotations:
D:2 Crazy Yiuf, Ijyb


Innate Abilities, Weirdness & Mutations

You are partially covered in thin metallic scales. (AC +2)


Message History

Crazy Yiuf says, "Mountain!"
Crazy Yiuf closely misses you. The rat bites you but does no damage.
The rat bites you.
Crazy Yiuf grits, "Prologue foot toodlewoodle!"
Casting: Call Imp
Confirm with . or Enter, or press ? or * to list all spells.
A beastly little devil appears in a puff of flame.
The rat barely misses you.
Attack whom?
Press: ? - help, Dir - move target cursor, f/p - Crazy Yiuf
Aim: Crazy Yiuf, wielding a quarterstaff of chaos and wearing a cloak (lightly wounded)
The rat is in the way.
You hit the rat.
You kill the rat!
Crazy Yiuf grits, "Seed chair hog!"
Your crimson imp blinks!
Ijyb the Twisted Goblin comes into view.
She is wielding a dagger.
Ijyb shouts!
A goblin comes into view. It is wielding a club.
Crazy Yiuf hits you with a quarterstaff of chaos!
You die...

#.........##
#...†.....#
#.........#
#.>.......####...
#................
#######.####.####...
#.......# #.# g
#.##########.####....
...g....g@....5..
########.####.... ###
.


You could see Ijyb, Crazy Yiuf, a goblin (sleeping) and a friendly crimson imp.

Vanquished Creatures
  A hobgoblin (D:2)
  3 jackals (D:2)
  2 bats
  A rat (D:2)
7 creatures vanquished.

Vanquished Creatures (collateral kills)
  A worm (D:2)
  A jackal (D:2)
  A giant newt (D:1)
  A goblin (D:1)
4 creatures vanquished.

Grand Total: 11 creatures vanquished

Notes
Turn   | Place    | Note
-------+----------+-------------------------------------------
     0 | D:1      | jacquesderrida the Demonspawn Summoner began the quest for the Orb.
     0 | D:1      | Reached XP level 1. HP: 13/13 MP: 3/3
   138 | D:2      | Found a runed door.
   193 | D:2      | Gained mutation: You are partially covered in thin metallic scales. (AC +2) [demonic ancestry]
   193 | D:2      | Reached XP level 2. HP: 11/19 MP: 0/5
   220 | D:2      | Learned a level 2 spell: Call Imp
   274 | D:2      | Noticed Crazy Yiuf
   364 | D:2      | Noticed Ijyb
   366 | D:2      | Slain by Crazy Yiuf

Vault maps used:
D:1:      scummos_arrival_simple_fountains
D:2:      overflow_temple_1_default, gammafunk_temple_overflow_pools,
          serial_bayou_lagoon_a, nicolae_tso_swordbearing_angel, uniq_robin,
          uniq_crazy_yiuf_cottage, uniq_natasha, uniq_iyjb

Action                   || total
-------------------------++-------
Melee: Spear             ||    24
 Cast: Summon Small Mamm ||    10
       Call Imp          ||     5
Armor: Leather armour    ||     7
Dodge: Dodged            ||    26
